ESL (28 & UNDER)
RIO GRANDE RATTLESNAKE @ WILMINGTON REBELS
06/04/2028
 
TOP OF THE 1ST
Rio Grande Rattlesnake batting - Pitching for Wilmington Rebels : LHP Roberto Barrón
Pitching: LHP Roberto Barrón
Batting: SHB Jeremy Holmes 0-0: Ball
1-0: Reached on error, E5 (Groundball, 56)
Batting: RHB Paul Martin 0-0: Ball
1-0: Called Strike
1-1: Called Strike
1-2: Ball
2-2: Ball
3-2: Base on Balls
Jeremy Holmes to second
Batting: SHB Brian Moyer 0-0: Called Strike
0-1: Ball
1-1: Ground out 6-3 (Groundball, 6S)
Jeremy Holmes to third
Paul Martin to second
Batting: RHB Miguel Hernández 0-0: Ball
1-0: Ball
2-0: Called Strike
2-1: SINGLE (Line Drive, 6M)
Jeremy Holmes scores
Paul Martin to third
Batting: RHB Joe Courtier 0-0: Called Strike
0-1: Ball
1-1: Ball
2-1: Swinging Strike
2-2: Foul Ball, location: 2F
2-2: DOUBLE (Line Drive, 7LM)
Paul Martin scores
Miguel Hernández to third
Batting: RHB Jeff Bane 0-0: Foul Ball, location: 2F
0-1: Ball
1-1: Foul Ball, location: 2F
1-2: Ball
2-2: Ball
3-2: Foul Ball, location: 2F
3-2: SINGLE (Line Drive, 7LS)
Miguel Hernández scores
Joe Courtier to third
Runner from 3rd tries for Home, SAFE, no throw
Batting: RHB Cristián Román 0-0: Called Strike
0-1: Foul Ball, location: 2F
0-2: Strikes out swinging
Batting: LHB Sergio Fernández 0-0: Swinging Strike
0-1: Ball
1-1: Called Strike
1-2: Strikes out swinging
Top of the 1st over - 4 run(s), 3 hit(s), 1 error(s), 1 left on base; Rio Grande 4 - Wilmington 0
BOTTOM OF THE 1ST
Wilmington Rebels batting - Pitching for Rio Grande Rattlesnake : RHP Neil Snow
Pitching: RHP Neil Snow
Batting: LHB Larry Smith 0-0: Called Strike
0-1: Swinging Strike
0-2: Strikes out swinging
Batting: RHB Andrew Deal 0-0: Ball
1-0: Ball
2-0: Foul Ball, location: 2F
2-1: Ball
3-1: Swinging Strike
3-2: Base on Balls
Batting: LHB Manny Hernández 0-0: SINGLE (Groundball, 4D)
Andrew Deal to second
Runner from 2nd tries for 3rd, SAFE, throw made to third
Batting: RHB Eugene Allen 0-0: Ball
1-0: Swinging Strike
1-1: Ball
2-1: DOUBLE (Line Drive, 89S)
Andrew Deal scores
Manny Hernández to third
Batting: RHB Al Reese 0-0: Ball
1-0: Foul Ball, location: 2F
1-1: Ball
2-1: Ball
3-1: Base on Balls
Batting: RHB Juan Jose Mendoza 0-0: Swinging Strike
0-1: Swinging Strike
0-2: Strikes out looking
Batting: RHB Sergio Moreno 0-0: Ball
1-0: Ball
2-0: Ball
3-0: Base on Balls
Manny Hernández scores
Eugene Allen to third
Al Reese to second
Batting: RHB Henry Dawson 0-0: Ball
1-0: Fielders Choice at 2nd, 4-6 (Groundball, 4)
Bottom of the 1st over - 2 run(s), 2 hit(s), 0 error(s), 2 left on base; Rio Grande 4 - Wilmington 2
TOP OF THE 2ND
Rio Grande Rattlesnake batting - Pitching for Wilmington Rebels : LHP Roberto Barrón
Batting: RHB Doug Delaney 0-0: Called Strike
0-1: Called Strike
0-2: Ball
1-2: SINGLE (Flyball, 8RS)
Batting: SHB Jeremy Holmes 0-0: Ball
1-0: SINGLE (Groundball, 6MS) (infield hit)
Doug Delaney to second
Batting: RHB Paul Martin 0-0: Foul Ball, location: 2F
0-1: Ball
1-1: Ball
2-1: Ground out 5-3 (Groundball, 56S)
Doug Delaney to third
Jeremy Holmes to second
Batting: SHB Brian Moyer 0-0: Foul Ball, location: 2F
0-1: Ball
1-1: Ball
2-1: Fly out, F4 (Popup, 4)
Batting: RHB Miguel Hernández 0-0: Ball
1-0: Foul Ball, location: 2F
1-1: SINGLE (Groundball, 5D)
Doug Delaney scores
Jeremy Holmes to third
Runner from 3rd tries for Home, SAFE, no throw
Pitching: RHP Edgar Martínez
Batting: RHB Joe Courtier 0-0: Ball
1-0: Ground out 1-3 (Groundball, P)
Top of the 2nd over - 2 run(s), 3 hit(s), 0 error(s), 1 left on base; Rio Grande 6 - Wilmington 2
BOTTOM OF THE 2ND
Wilmington Rebels batting - Pitching for Rio Grande Rattlesnake : RHP Neil Snow
Batting: LHB Ivan Costello 0-0: Foul Ball, location: 2F
0-1: Ball
1-1: Called Strike
1-2: Ball
2-2: Foul Ball, location: 2F
2-2: SINGLE (Line Drive, 34)
Batting: LHB Larry Smith 0-0: Ball
1-0: Ground out 6-3 (Groundball, 6M)
Ivan Costello to second
Batting: RHB Andrew Deal 0-0: Ball
1-0: Ball
2-0: Fly out, F8 (Line Drive, 8RM)
Batting: LHB Manny Hernández 0-0: Ball
1-0: Foul Ball, location: 2F
1-1: Ball
2-1: Ball
3-1: Base on Balls
Batting: RHB Eugene Allen 0-0: Swinging Strike
0-1: DOUBLE (Flyball, 89D)
Ivan Costello scores
Manny Hernández to third
Batting: RHB Al Reese 0-0: Called Strike
0-1: Foul Ball, location: 2F
0-2: Ball
1-2: Strikes out looking
Bottom of the 2nd over - 1 run(s), 2 hit(s), 0 error(s), 2 left on base; Rio Grande 6 - Wilmington 3
TOP OF THE 3RD
Rio Grande Rattlesnake batting - Pitching for Wilmington Rebels : RHP Edgar Martínez
Batting: RHB Jeff Bane 0-0: Ball
1-0: Ground out 5-3 (Groundball, 5)
Batting: RHB Cristián Román 0-0: Called Strike
0-1: Ball
1-1: Called Strike
1-2: Ball
2-2: Ground out 5-3 (Groundball, 56S)
Batting: LHB Sergio Fernández 0-0: Ball
1-0: Called Strike
1-1: Ball
2-1: Foul Ball, location: 2F
2-2: Ball
3-2: Base on Balls
Batting: RHB Doug Delaney 0-0: Fielders Choice at 2nd, 4-6 (Groundball, 4)
Top of the 3rd over - 0 run(s), 0 hit(s), 0 error(s), 0 left on base; Rio Grande 6 - Wilmington 3
BOTTOM OF THE 3RD
Wilmington Rebels batting - Pitching for Rio Grande Rattlesnake : RHP Neil Snow
Batting: RHB Juan Jose Mendoza 0-0: Ball
1-0: Ball
2-0: Ball
3-0: Foul Ball, location: 2F
3-1: Foul Ball, location: 2F
3-2: Foul Ball, location: 2F
3-2: Foul Ball, location: 2F
3-2: Foul Ball, location: 2F
3-2: Strikes out looking
Batting: RHB Sergio Moreno 0-0: Called Strike
0-1: Called Strike
0-2: Foul Ball, location: 2F
0-2: Foul Ball, location: 2F
0-2: Strikes out swinging
Batting: RHB Henry Dawson 0-0: Ground out 6-3 (Groundball, 56)
Bottom of the 3rd over - 0 run(s), 0 hit(s), 0 error(s), 0 left on base; Rio Grande 6 - Wilmington 3
TOP OF THE 4TH
Rio Grande Rattlesnake batting - Pitching for Wilmington Rebels : RHP Edgar Martínez
Batting: SHB Jeremy Holmes 0-0: Called Strike
0-1: Fly out, F9 (Flyball, 89M)
Batting: RHB Paul Martin 0-0: Called Strike
0-1: Foul Ball, location: 2F
0-2: Ball
1-2: SINGLE (Groundball, 6MD)
Batting: SHB Brian Moyer 0-0: SINGLE (Groundball, 34D)
Paul Martin to second
Runner from 2nd tries for 3rd, SAFE, throw made to third
Batting: RHB Miguel Hernández 0-0: Called Strike
0-1: Foul Ball, location: 2F
0-2: Ball
1-2: Fly out, F9 (Flyball, 9D)
Runner from 3rd tags up, SCORES, no throw
Batting: RHB Joe Courtier 0-0: Called Strike
0-1: Foul Ball, location: 2F
0-2: Foul Ball, location: 2F
0-2: Foul Ball, location: 2F
0-2: Ball
1-2: Strikes out swinging
Top of the 4th over - 1 run(s), 2 hit(s), 0 error(s), 1 left on base; Rio Grande 7 - Wilmington 3
BOTTOM OF THE 4TH
Wilmington Rebels batting - Pitching for Rio Grande Rattlesnake : RHP Neil Snow
Batting: LHB Ivan Costello 0-0: Called Strike
0-1: Swinging Strike
0-2: Ball
1-2: Foul Ball, location: 2F
1-2: Ball
2-2: Strikes out swinging
Batting: LHB Larry Smith 0-0: Foul Ball, location: 2F
0-1: Ball
1-1: Swinging Strike
1-2: Strikes out swinging
Batting: RHB Andrew Deal 0-0: Called Strike
0-1: Foul Ball, location: 2F
0-2: Ball
1-2: Foul Ball, location: 2F
1-2: SINGLE (Line Drive, 6MD)
Batting: LHB Manny Hernández Pickoff Throw to First - Out!
Bottom of the 4th over - 0 run(s), 1 hit(s), 0 error(s), 0 left on base; Rio Grande 7 - Wilmington 3
TOP OF THE 5TH
Rio Grande Rattlesnake batting - Pitching for Wilmington Rebels : RHP Edgar Martínez
Batting: RHB Jeff Bane 0-0: Ball
1-0: Foul Ball, location: 2F
1-1: Ground out 4-3 (Groundball, 4M)
Batting: RHB Cristián Román 0-0: Called Strike
0-1: Ball
1-1: Ball
2-1: Foul Ball, location: 2F
2-2: Fly out, F5 (Line Drive, 5)
Batting: LHB Sergio Fernández 0-0: Called Strike
0-1: Foul Ball, location: 2F
0-2: Reached on error, E3 (Groundball, 34)
Batting: RHB Doug Delaney 0-0: DOUBLE (Line Drive, 7LM)
Sergio Fernández to third
Batting: SHB Jeremy Holmes 0-0: Ball
1-0: Called Strike
1-1: SINGLE (Line Drive, 9S)
Sergio Fernández scores
Doug Delaney to third
Runner from 3rd tries for Home, SAFE, no throw
Batting: RHB Paul Martin 0-0: Ball
1-0: Ball
2-0: Single, Error in OF, E8, batter to second base
Jeremy Holmes to third
Batting: SHB Brian Moyer 0-0: Ball
1-0: Foul Ball, location: 2F
1-1: Swinging Strike
1-2: SINGLE (Groundball, 4MD)
Jeremy Holmes scores
Paul Martin to third
Runner from 3rd tries for Home, SAFE, throw made home
Pitching: RHP Ubaldo Tavaia
Batting: RHB Miguel Hernández 0-0: Ball
1-0: Ball
2-0: Fly out, F3 (Popup, 3)
Top of the 5th over - 4 run(s), 4 hit(s), 2 error(s), 1 left on base; Rio Grande 11 - Wilmington 3
BOTTOM OF THE 5TH
Wilmington Rebels batting - Pitching for Rio Grande Rattlesnake : RHP Neil Snow
Batting: LHB Manny Hernández 0-0: Called Strike
0-1: Ball
1-1: Ball
2-1: DOUBLE (Line Drive, 8RM)
Batting: RHB Eugene Allen 0-0: Ground out 6-3 (Groundball, 6)
Batting: RHB Al Reese 0-0: Ball
1-0: Called Strike
1-1: 2-RUN HOME RUN (Flyball, 7D), Distance : 365 ft
Batting: RHB Juan Jose Mendoza 0-0: Ball
1-0: Swinging Strike
1-1: Ball
2-1: Foul Ball, location: 2F
2-2: Strikes out swinging
Batting: RHB Sergio Moreno 0-0: Called Strike
0-1: Called Strike
0-2: Strikes out swinging
Bottom of the 5th over - 2 run(s), 2 hit(s), 0 error(s), 0 left on base; Rio Grande 11 - Wilmington 5
TOP OF THE 6TH
Rio Grande Rattlesnake batting - Pitching for Wilmington Rebels : RHP Ubaldo Tavaia
Batting: RHB Joe Courtier 0-0: Ball
1-0: Ball
2-0: Ground out 5-3 (Groundball, 56)
Batting: RHB Jeff Bane 0-0: Called Strike
0-1: Ball
1-1: Foul Ball, location: 2F
1-2: Foul Ball, location: 2F
1-2: Ball
2-2: Ball
3-2: Base on Balls
Batting: RHB Cristián Román 0-0: Swinging Strike
0-1: Ball
1-1: Called Strike
1-2: Strikes out swinging
Batting: LHB Sergio Fernández 0-0: Ball
1-0: Ball
2-0: Foul Ball, location: 2F
2-1: Foul Ball, location: 2F
2-2: Foul Ball, location: 2F
2-2: Ball
Jeff Bane steals 2nd base
3-2: Base on Balls
Batting: RHB Doug Delaney 0-0: Called Strike
0-1: Swinging Strike
0-2: Foul Ball, location: 2F
0-2: Ball
Wild Pitch!
Jeff Bane to third
Sergio Fernández to second
1-2: Strikes out looking
Top of the 6th over - 0 run(s), 0 hit(s), 0 error(s), 2 left on base; Rio Grande 11 - Wilmington 5
BOTTOM OF THE 6TH
Wilmington Rebels batting - Pitching for Rio Grande Rattlesnake : RHP Neil Snow
Pitching: RHP Albert Gonzáles
Batting: RHB Henry Dawson 0-0: Ball
1-0: Foul Ball, location: 2F
1-1: Ball
2-1: Ball
3-1: Foul Ball, location: 2F
3-2: Strikes out looking
Batting: LHB Ivan Costello 0-0: Called Strike
0-1: Swinging Strike
0-2: Strikes out looking
Batting: LHB Larry Smith 0-0: Called Strike
0-1: Ball
1-1: Ball
2-1: SOLO HOME RUN (Line Drive, 9LD), Distance : 372 ft
Batting: RHB Andrew Deal 0-0: Ball
1-0: Ground out 5-3 (Groundball, 5)
Bottom of the 6th over - 1 run(s), 1 hit(s), 0 error(s), 0 left on base; Rio Grande 11 - Wilmington 6
TOP OF THE 7TH
Rio Grande Rattlesnake batting - Pitching for Wilmington Rebels : RHP Ubaldo Tavaia
Batting: SHB Jeremy Holmes 0-0: Ball
1-0: Called Strike
1-1: Ball
2-1: Swinging Strike
2-2: Ball
3-2: Strikes out swinging
Batting: RHB Paul Martin 0-0: Ball
1-0: Foul Ball, location: 2F
1-1: Swinging Strike
1-2: Ball
2-2: Ground out 5-3 (Groundball, 56)
Batting: SHB Brian Moyer 0-0: Ball
1-0: Swinging Strike
1-1: Ball
2-1: Foul Ball, location: 2F
2-2: Strikes out looking
Top of the 7th over - 0 run(s), 0 hit(s), 0 error(s), 0 left on base; Rio Grande 11 - Wilmington 6
BOTTOM OF THE 7TH
Wilmington Rebels batting - Pitching for Rio Grande Rattlesnake : RHP Albert Gonzáles
Batting: LHB Manny Hernández 0-0: Foul Ball, location: 2F
0-1: Ball
1-1: Called Strike
1-2: Foul Ball, location: 2F
1-2: Foul Ball, location: 2F
1-2: Ball
2-2: Foul Ball, location: 2F
2-2: Foul Ball, location: 2F
2-2: Foul Ball, location: 2F
2-2: Foul Ball, location: 2F
2-2: Ground out 4-3 (Groundball, 4D)
Batting: RHB Eugene Allen 0-0: Ground out 1-3 (Groundball, 15S)
Batting: RHB Al Reese 0-0: Foul Ball, location: 2F
0-1: Fly out, F9 (Flyball, 9LSF)
Bottom of the 7th over - 0 run(s), 0 hit(s), 0 error(s), 0 left on base; Rio Grande 11 - Wilmington 6
TOP OF THE 8TH
Rio Grande Rattlesnake batting - Pitching for Wilmington Rebels : RHP Ubaldo Tavaia
Batting: RHB Miguel Hernández 0-0: Ball
1-0: Swinging Strike
1-1: Fly out, F7 (Line Drive, 7)
Batting: RHB Joe Courtier 0-0: Ball
1-0: Ball
2-0: Swinging Strike
2-1: Ground out 5-3 (Groundball, 5)
Batting: RHB Jeff Bane 0-0: Ball
1-0: Fly out, F8 (Line Drive, 8LM)
Top of the 8th over - 0 run(s), 0 hit(s), 0 error(s), 0 left on base; Rio Grande 11 - Wilmington 6
BOTTOM OF THE 8TH
Wilmington Rebels batting - Pitching for Rio Grande Rattlesnake : RHP Albert Gonzáles
Batting: RHB Juan Jose Mendoza 0-0: Ball
1-0: Called Strike
1-1: Swinging Strike
1-2: Ball
2-2: Ball
3-2: Base on Balls
Batting: RHB Sergio Moreno 0-0: Fly out, F8 (Flyball, 78D)
Batting: RHB Henry Dawson 0-0: Ball
1-0: Foul Ball, location: 2F
1-1: Swinging Strike
1-2: Strikes out looking
Batting: LHB Ivan Costello 0-0: Called Strike
0-1: Called Strike
0-2: Foul Ball, location: 2F
0-2: Ball
1-2: Strikes out swinging
Bottom of the 8th over - 0 run(s), 0 hit(s), 0 error(s), 1 left on base; Rio Grande 11 - Wilmington 6
TOP OF THE 9TH
Rio Grande Rattlesnake batting - Pitching for Wilmington Rebels : RHP Ubaldo Tavaia
Batting: RHB Cristián Román 0-0: Ball
1-0: Called Strike
1-1: Ball
2-1: Ball
3-1: Base on Balls
Pitching: RHP Shannon Wallace
Batting: LHB Sergio Fernández 0-0: Called Strike
0-1: Ball
1-1: 2-RUN HOME RUN (Flyball, 9LD), Distance : 365 ft
Batting: RHB Doug Delaney 0-0: Ball
1-0: Ball
2-0: Ball
3-0: Base on Balls
Batting: SHB Jeremy Holmes 0-0: Ball
1-0: Ball
2-0: Ball
3-0: Called Strike
3-1: Fly out, F4 (Popup, 34D)
Batting: RHB Paul Martin 0-0: Foul Ball, location: 2F
0-1: Ball
1-1: Grounds into double play, 6-4-3 (Groundball, 6)
Top of the 9th over - 2 run(s), 1 hit(s), 0 error(s), 0 left on base; Rio Grande 13 - Wilmington 6
BOTTOM OF THE 9TH
Wilmington Rebels batting - Pitching for Rio Grande Rattlesnake : RHP Albert Gonzáles
Now in LF: Alberto Roberts
Batting: LHB Larry Smith 0-0: Ball
1-0: Called Strike
1-1: Ball
2-1: Foul Ball, location: 2F
2-2: Fly out, F9 (Flyball, 9S)
Pitching: RHP Myron Burgess
Batting: RHB Andrew Deal 0-0: Ball
1-0: Foul Ball, location: 2F
1-1: Ball
2-1: Ball
3-1: Swinging Strike
3-2: Strikes out swinging
Pinch Hitting: RHB Jessie Thompson 0-0: Ball
1-0: Swinging Strike
1-1: Ball
2-1: Ball
3-1: Ground out 2-3 (Groundball, 15S)
Bottom of the 9th over - 0 run(s), 0 hit(s), 0 error(s), 0 left on base; Rio Grande 13 - Wilmington 6
Tuesday, August 8th, 2017 - OOTP Baseball 17.12 Build 75